Map: Ночной сумрак РВ

Players

IIIIIIIIIIII

  • Race: Terran Terran
  • League: Diamond
  • Spawn Location: 5:00

FlashbackOne - Winner!

  • Race: Terran Terran
  • League: Diamond
  • Spawn Location: 11:00

VOD

Have the link to the VOD?

Description

Time

  • Played on: April 4, 2020, 11:24 a.m.
  • Length: 5:10
Show
View Real Time Build Order
Export as new Build Order

IIIIIIIIIIII Terran 

Build Orders: Cyclone Opening 

Get SALT Encoding   

  12  0:00  SCV  
  13  0:13  SCV  
  14  0:17  Supply Depot  
  14  0:25  SCV  
  14  0:27  Refinery  
  15  0:39  SCV  
  16  0:45  Barracks  
  16  0:51  SCV  
  17  1:03  SCV  
  18  1:15  SCV  
  19  1:31  Orbital Command  
  19  1:32  Barracks Tech Lab  
  19  1:45  Command Center  
  19  1:56  Marauder  
  21  2:02  Factory  
  21  2:06  Concussive Shells  
  21  2:19  Supply Depot  
  21  2:21  Marauder  
  22  2:25  SCV  
  23  2:31  Refinery  
  23  2:40  SCV  
  24  2:58  Cyclone  
  27  2:59  Orbital Command  
  27  3:00  Refinery  
  27  3:04  SCV  
  28  3:16  SCV  
  28  3:18  Starport  
  29  3:21  Barracks Tech Lab  
  29  3:25  SCV  
  30  3:28  SCV  
  31  3:37  Cyclone  
  31  3:38  SCV  
  35  3:43  SCV  
  36  3:50  Refinery, SCV  
  36  3:55  SCV  
  39  4:02  SCV  
  39  4:08  Raven  
  41  4:12  SCV  
  41  4:14  SCV  
  43  4:22  Command Center  
  43  4:23  Cyclone  
  46  4:36  Supply Depot, SCV x2  
  48  4:39  Barracks Reactor  
  48  4:48  SCV x2  
Show
View Real Time Build Order
Export as new Build Order

FlashbackOne Terran - Winner!

Build Orders:  

Get SALT Encoding   

  12  0:01  SCV  
  13  0:13  SCV  
  14  0:17  Supply Depot  
  14  0:25  SCV  
  15  0:38  SCV  
  15  0:40  Barracks  
  15  0:42  Refinery  
  16  0:50  SCV  
  16  0:54  Refinery  
  17  1:02  SCV  
  18  1:15  SCV  
  19  1:19  Supply Depot  
  19  1:28  Barracks Tech Lab, Orbital Command  
  19  1:47  Concussive Shells, Marauder  
  21  1:55  SCV  
  22  2:07  Command Center  
  22  2:11  SCV  
  22  2:13  Marauder  
  25  2:24  Factory  
  25  2:27  SCV  
  26  2:40  SCV  
  26  2:42  Barracks Reactor  
  27  2:52  SCV  
  28  3:08  Starport  
  28  3:09  SCV  
  29  3:20  Orbital Command  
  29  3:22  SCV  
  29  3:24  Hellion x2  
  29  3:25  Marauder  
  36  3:34  SCV  
  37  3:43  Supply Depot  
  37  3:44  Medivac  
  37  3:46  Hellion x2  
  37  3:47  Marauder  
  37  3:48  SCV  
  46  3:55  Supply Depot  
  46  4:05  Supply Depot, SCV x2  
  46  4:07  Hellion x2  
  54  4:17  SCV x2  
  54  4:19  Barracks Tech Lab  
  54  4:28  Refinery  
  54  4:29  SCV x2  
  58  4:41  SCV x2  
  58  4:45  Command Center  
Tags
 
Add a new tag
Caveats
  • Supply blocks, unpowered buildings, or Contaminate may cause inaccurate times.
  • Supply counts are checked every 10 seconds.